 Dungeon Crawl Stone Soup version 0.25.0-33-gff14898491 (webtiles) character file.

Game seed: 13111091147387939427

1012 Ethylacetat the Covert (level 8, -3/49 HPs)
             Began as an Octopode Assassin on July 6, 2020.
             Slain by a killer bee (6 damage)
             ... on level 6 of the Dungeon.
             The game lasted 00:10:48 (4799 turns).

Ethylacetat the Covert (Octopode Assassin)          Turns: 4799, Time: 00:10:48

Health: -3/49      AC:  5    Str: 13    XL:     8   Next: 21%
Magic:  8/8        EV: 13    Int: 13    God:
Gold:   83         SH:  5    Dex: 13    Spells: 7/7 levels left

rFire    . . .     SeeInvis .   a - +2 dagger
rCold    . . .     Gourm    .   (no shield)
rNeg     . . .     Faith    .   (helmet restricted)
rPois    +         Spirit   .   m - amulet of reflection
rElec    .         Reflect  +   (no ring)
rCorr    .         Harm     .   v - +4 ring of protection
MR       .....     Clarity  +   (no ring)
Stlth    +++++.....             (no ring)
HPRegen  0.16/turn              (no ring)
MPRegen  0.11/turn              (no ring)
                                (no ring)
                                (no ring)

@: brilliant, lethally poisoned (-3 -> -12)
A: almost no armour, stealthy swim, amphibious, 8 rings, constrict 8, camouflage
1, clarity, frail 1, poison resistance, gelatinous body 1
a: no special abilities


You were on level 6 of the Dungeon.
You were not hungry.

You visited 1 branch of the dungeon, and saw 7 of its levels.

You collected 292 gold pieces.
You spent 209 gold pieces at shops.

Inventory:

Hand Weapons
 a - a +2 dagger (weapon)
Missiles
 b - 8 poisoned darts (quivered)
 c - 2 curare-tipped darts
 o - 3 throwing nets
Jewellery
 m - an amulet of reflection (around mantle)
 v - a +4 ring of protection (right tentacle)
 x - an uncursed amulet of the acrobat {unknown}
Scrolls
 g - a scroll of fear {unknown}
 h - 2 scrolls of noise {unknown}
 i - 3 scrolls of remove curse
 j - 3 scrolls of enchant armour {unknown}
 l - 5 scrolls of teleportation
 n - a scroll of immolation {unknown}
 p - 3 scrolls of amnesia {unknown}
 q - 5 scrolls of identify {unknown}
 r - 2 scrolls of enchant weapon {unknown}
Potions
 e - a potion of resistance {unknown}
 f - a potion of experience {unknown}
 s - a potion of curing {unknown}
 t - a potion of haste {unknown}
 w - a potion of lignification {unknown}
Comestibles
 d - 8 rations
 u - 5 chunks of flesh


   Skills:
 + Level 5.0 Fighting
 * Level 6.8 Short Blades
 - Level 2.0 Throwing
 - Level 1.0 Dodging
 + Level 8.5 Stealth


You had 7 spell levels left.
You didn't know any spells.
Your spell library was empty.

Dungeon Overview and Level Annotations

Branches:
Dungeon (7/15)
 Temple: D:4-7

Altars:
Ashenzari
Cheibriados
Nemelex Xobeh

Shops:
D:4 *

Annotations:
D:7 Pikel


Innate Abilities, Weirdness & Mutations

You cannot wear most types of armour.
You are very stealthy in the water. (Stealth+)
You are amphibious.
You can wear up to eight rings at the same time.
You can use your tentacles to constrict eight enemies at once.
Your skin changes colour to match your surroundings (Stealth+).
Your rubbery body absorbs attacks. (AC +1, EV +1)
You possess an exceptional clarity of mind.
You are frail. (-10% HP)
Your system is resistant to poisons. (rPois)


Message History

You squeeze the killer bee!
The killer bee is heavily wounded.
You feel sick. You block the killer bee's attack.
You hit the killer bee but do no damage.
Your grab misses the killer bee.
The killer bee is heavily wounded.
The killer bee stings you.
* * * LOW HITPOINT WARNING * * *
You closely miss the killer bee. Your grab misses the killer bee.
The killer bee is heavily wounded.
The killer bee stings you.
* * * LOW HITPOINT WARNING * * *
You are lethally poisoned!
The killer bee poisons you!
The killer bee stings you but does no damage.
It was a potion of brilliance.
You feel clever all of a sudden.
* * * LOW HITPOINT WARNING * * *
You feel sick. The killer bee stings you.
You die...

### ..# #.# #y#
#@##
######..######
.............>#
.#######..###.#
##.# #.# #.#
#.# #.. #)#
##.##.# ..#.#


You could see a killer bee.

Vanquished Creatures
  2 ogres
  A centaur (D:5)
  A bullfrog (D:6)
  2 killer bees (D:6)
  A bullfrog zombie (D:5)
  A crimson imp (D:4)
  3 hounds
  2 orc priests
  Crazy Yiuf (D:4)
  A bullfrog skeleton (D:4)
  A centaur skeleton (D:4)
  An iguana (D:2)
  2 orc wizards
  2 worker ants (D:4)
  A hound zombie (D:5)
  A hound skeleton (D:4)
  3 adders
  3 gnolls (D:2)
  An ooze (D:1)
  An adder skeleton (D:4)
  3 worms
  A dart slug (D:2)
  4 leopard geckos
  7 orcs
  A ball python (D:4)
  9 bats
  3 giant cockroaches
  5 hobgoblins
  4 jackals (D:5)
  2 quokkas
  5 frilled lizards
  8 goblins
  5 kobolds
  6 rats
94 creatures vanquished.

Notes
Turn   | Place    | Note
-------+----------+-------------------------------------------
     0 | D:1      | Ethylacetat the Octopode Assassin began the quest for the
                  | Orb.
     0 | D:1      | Reached XP level 1. HP: 14/14 MP: 1/1
   136 | D:1      | Reached XP level 2. HP: 19/19 MP: 2/2
   711 | D:2      | Reached XP level 3. HP: 25/25 MP: 3/3
   765 | D:2      | Reached XP level 4. HP: 24/30 MP: 4/4
   772 | D:2      | Reached skill level 6 in Stealth
  1403 | D:2      | Found a faded altar of an unknown god.
  1568 | D:2      | Reached XP level 5. HP: 36/36 MP: 5/5
  1761 | D:3      | Found a shattered altar of Ashenzari.
  2618 | D:3      | Found a snail-covered altar of Cheibriados.
  2670 | D:4      | Reached XP level 6. HP: 41/42 MP: 6/6
  2744 | D:4      | Found Joatwuch's General Store.
  2763 | D:4      | Bought 2 potions of mutation for 176 gold pieces
  2763 | D:4      | Bought a scroll of teleportation for 33 gold pieces
  2763 | D:4      | Gained mutation: You are dopey. (Int -2) [potion of
                  | mutation]
  2763 | D:4      | Gained mutation: Your system is resistant to poisons.
                  | (rPois) [potion of mutation]
  2763 | D:4      | Gained mutation: Your magical capacity is low. (-10% MP)
                  | [potion of mutation]
  2763 | D:4      | Gained mutation: Your flesh is cold resistant. (rC+)
                  | [potion of mutation]
  2764 | D:4      | Lost mutation: Your magical capacity is low. (-10% MP)
                  | [potion of mutation]
  2764 | D:4      | Lost mutation: You are dopey. (Int -2) [potion of mutation]
  2764 | D:4      | Lost mutation: Your flesh is cold resistant. (rC+) [potion
                  | of mutation]
  2764 | D:4      | Lost mutation: Your system is resistant to poisons. (rPois)
                  | [potion of mutation]
  2764 | D:4      | Gained mutation: You are frail. (-10% HP) [potion of
                  | mutation]
  2764 | D:4      | Gained mutation: Your system is resistant to poisons.
                  | (rPois) [potion of mutation]
  2764 | D:4      | Gained mutation: You possess an exceptional clarity of
                  | mind. [potion of mutation]
  2865 | D:4      | Reached skill level 7 in Stealth
  3086 | D:4      | Reached skill level 5 in Short Blades
  3313 | D:4      | Found a runed translucent door.
  3314 | D:4      | Noticed Crazy Yiuf
  3321 | D:4      | Killed Crazy Yiuf
  3555 | D:5      | Entered Level 5 of the Dungeon
  3559 | D:5      | Reached XP level 7. HP: 43/43 MP: 7/7
  4595 | D:5      | You fall into a shaft and drop 2 floors!
  4610 | D:7      | Reached skill level 8 in Stealth
  4611 | D:7      | Noticed Pikel
  4717 | D:6      | Found a sparkling altar of Nemelex Xobeh.
  4756 | D:6      | Reached XP level 8. HP: 48/48 MP: 8/8
  4793 | D:6      | Reached skill level 5 in Fighting
  4799 | D:6      | Slain by a killer bee

Illustrated notes

Levels and vault maps discovered:
D:1:      dpeg_arrival_stonehenge_8_columns, layout_loops_ring
D:2:      layout_loops_ring, chequers_ecumenical_altar_simple_redux,
          kennysheep_generic_room_9
D:3:      layout_basic, marbit_many_paths, evilmike_ruin_ashenzari, first_ration
D:4:      layout_basic, serial_shops, shop, uniq_crazy_yiuf_cottage
D:5:      layout_loops_ring, chequers_serial_rivers_micro_d
D:6:      layout_basic, lemuel_coloured_pillars_altar, nemelex_altar_shiori,
          dk_noncrumbling_2, trog_book, uniq_maggie
D:7:      layout_loops_ring, kennysheep_mini, lemuel_doored_altar,
          minmay_temple_entry_overgrown, serial_shops, shop, shop, uniq_pikel,
          uniq_duvessa

Skill      XL: |  1  2  3  4  5  6  7  8 |
---------------+-------------------------+-----
Short Blades   | 3 4 5 6 |  6.8
Stealth        | 6 7 8 |  8.5
Fighting       | 3 4 5 |  5.0
Throwing       | |  2.0
Dodging        | |  1.0

Action                   |  1- 3 |  4- 6 |  7- 9 || total
-------------------------+-------+-------+-------++-------
Melee: Dagger            |    40 |   132 |   107 ||   279
       Constrict         |     9 |    26 |    16 ||    51
       Tentacles         |     3 |    22 |    21 ||    46
  Use: Potion            |       |     2 |     1 ||     3
       Scroll            |       |     1 |       ||     1
 Stab: Sleeping          |     6 |    16 |     2 ||    24
       Distracted        |       |     1 |       ||     1
  Eat: Chunk             |       |     8 |     4 ||    12
Armor: Skin              |     1 |     9 |    14 ||    24
Dodge: Dodged            |    23 |    32 |    48 ||   103
Block: Other             |       |    20 |    17 ||    37
       Reflection        |       |     1 |       ||     1
